 Dungeon Crawl Stone Soup version 0.17.1-2-g5865329 (webtiles) character file.

6136 mrath the Thaumaturge (level 10, -3/56 HPs)
             Began as a Deep Elf Fire Elementalist on Feb 13, 2016.
             Was a Believer of Vehumet.
             Slain by a blink frog (11 damage)
             ... on level 8 of the Dungeon.
             The game lasted 01:32:07 (11271 turns).

mrath the Thaumaturge (Deep Elf Fire Elementalist) Turns: 11271, Time: 01:32:07

Health: -3/56      AC:  8    Str:  5    XL:     10   Next: 59%
Magic:  21/26      EV: 15    Int: 24    God:    Vehumet [**....]
Gold:   410        SH:  0    Dex: 15    Spells: 5 memorised, 14 levels left

rFire  . . .     SeeInvis .     G - +2 flail (venom)
rCold  . . .     Clarity  .     l - +0 robe {MR+}
rNeg   . . .     SustAt   .     (no shield)
rPois  +         Gourm    .     f - +1 helmet
rElec  .         Spirit   .     V - +0 cloak
rCorr  .         Warding  .     q - +2 pair of gloves
rMut   .         Stasis   .     (no boots)
MR     ++...                    (no amulet)
Stlth  ++........               w - ring of poison resistance
                                C - ring of wizardry

@: very resistant to hostile enchantments, unstealthy
A: no striking features
a: Renounce Religion


You were on level 8 of the Dungeon.
You worshipped Vehumet.
Vehumet was pleased with you.
You were not hungry.

You visited 3 branches of the dungeon, and saw 10 of its levels.

You collected 410 gold pieces.

Inventory:

Hand Weapons
 d - a +0 hand axe of freezing
 A - the +11 mace "Peez" {speed, rN+++ SInv, unknown}
   (You found it on level 8 of the Dungeon)

   Attacks with this weapon are significantly faster.
   It renders you almost immune to negative energy.
   It lets you see invisible.
 G - a +2 flail of venom (weapon)
 K - a +0 shortbow
 U - a +4 quarterstaff of chaos
Missiles
 j - 5 tomahawks (quivered)
 L - 99 arrows
 S - 14 poisoned arrows
 X - 19 arrows of flame
Armour
 f - a +1 helmet (worn)
 l - a +0 robe of magic resistance (worn)
 q - a +2 pair of gloves (worn)
 t - a cursed +0 buckler
 V - a +0 cloak (worn)
Jewellery
 w - a ring of poison resistance (right hand)
 C - a ring of wizardry (left hand)
Wands
 a - a wand of fireball (4)
 s - a wand of digging (9)
 u - a wand of lightning (6)
 N - a wand of flame (20)
 T - a wand of flame (11)
Scrolls
 e - a scroll of magic mapping {unknown}
 h - 2 scrolls of enchant armour {unknown}
 k - 3 scrolls of teleportation
 n - 2 scrolls of identify
 x - 2 scrolls of recharging {unknown}
 y - a scroll of random uselessness {unknown}
 z - a scroll of noise {unknown}
 J - a scroll of fog {unknown}
 M - a scroll of remove curse
Potions
 i - 5 potions of curing
 m - 3 potions of degeneration {unknown}
 p - a potion of heal wounds {unknown}
 v - a potion of mutation {unknown}
 B - 2 potions of flight {unknown}
 D - a potion of poison {unknown}
 H - a potion of agility {unknown}
 I - a potion of haste {unknown}
Books
 b - a book of Flames

   Spells                             Type                      Level
   a - Flame Tongue                   Conjuration/Fire             1
   b - Throw Flame                    Conjuration/Fire             2
   c - Conjure Flame                  Conjuration/Fire             3
   d - Inner Flame                    Hexes/Fire                   3
   e - Sticky Flame                   Conjuration/Fire             4
   f - Fireball                       Conjuration/Fire             5
 r - a Fen Folio

   Spells                             Type                      Level
   a - Corpse Rot                     Necromancy                   2
   b - Stone Arrow                    Conjuration/Earth            3
   c - Leda's Liquefaction            Hexes/Earth                  4
   d - Summon Forest                  Summoning/Translocation      5
   e - Hydra Form                     Transmutation                6
   f - Summon Hydra                   Summoning                    7
 O - a book of Summonings

   Spells                             Type                      Level
   a - Recall                         Summoning/Translocation      3
   b - Aura of Abjuration             Summoning                    5
   c - Shadow Creatures               Summoning                    5
   d - Summon Demon                   Summoning                    5
   e - Summon Forest                  Summoning/Translocation      5
   f - Summon Mana Viper              Hexes/Summoning              5
Miscellaneous
 o - a phantom mirror
Comestibles
 c - 5 bread rations
 g - 10 chunks of flesh
 F - a fruit
 W - 2 beef jerkies


   Skills:
 + Level 3.1 Fighting
 + Level 4.3 Bows
 + Level 3.3 Armour
 + Level 5.7 Dodging
 - Level 2.4 Stealth
 + Level 10.3 Spellcasting
 + Level 8.1 Conjurations
 + Level 8.8 Fire Magic
 + Level 4.5 Evocations


You had 14 spell levels left.
You knew the following spells:

 Your Spells              Type           Power        Failure   Level  Hunger
a - Flame Tongue          Conj/Fire      #####        1%          1    None
b - Throw Flame           Conj/Fire      ######       1%          2    None
c - Conjure Flame         Conj/Fire      ######..     1%          3    None
d - Sticky Flame          Conj/Fire      ######..     1%          4    #......
e - Fireball              Conj/Fire      ######....   1%          5    ####...


Dungeon Overview and Level Annotations

Branches:
Dungeon (8/15)             Temple (1/1) D:4            Lair (1/8) D:8

Altars:
Ashenzari
Cheibriados
Dithmenos
Elyvilon
Fedhas
Gozag
Kikubaaqudgha
Makhleb
Nemelex Xobeh
Okawaru
Qazlal
Ru
Sif Muna
Trog
Vehumet
Xom
Yredelemnul
Zin
The Shining One

Annotations:
D:3 bollicks1999's ghost, amateur MiFi


Message History

The blink frog misses you.
Casting: Flame Tongue
Confirm with . or Enter, or press ? or * to list all spells.
Aiming: Flame Tongue
Press: ? - help, Shift-Dir - straight line, f/p - blink frog
Aim: a blink frog (almost dead, poisoned)
The blink frog momentarily phases out as the flame tongue passes through it.
The blink frog hits you.
* * * LOW HITPOINT WARNING * * *
The blink frog hits you.
* * * LOW HITPOINT WARNING * * *
The blink frog blinks!
Casting: Flame Tongue
Confirm with . or Enter, or press ? or * to list all spells.
Aiming: Flame Tongue
Press: ? - help, Shift-Dir - straight line, f/p - blink frog
Aim: a blink frog (almost dead, poisoned)
The blink frog momentarily phases out as the flame tongue passes through it.
The blink frog hits you!
You die...

....................##.#####
........<#.#........##.....#
.........#..P.......###....#
รท...)..#.....P.P.P.........#
............P.PP.....###...#
.........P...P...P...#######
........P..PP.P.P.....#
...........PP####F.P..##
..........P.P#..@......#
.........P...#>.#P.....#
............P####.P...##
........P.P.[.....PP..#
............P.......P##
...........P.....P.P.#
.......>......PPP...##
.........>........###
.....#.........####


You could see a blink frog.

Vanquished Creatures
  Erolcha (D:8)
  Psyche (D:8)
  A blink frog (D:8)
  A two-headed ogre (D:8)
  3 yaks (D:8)
  A deep elf fighter (D:8)
  A hippogriff (D:8)
  A wyvern (D:8)
  Menkaure (D:7)
  Edmund (D:5)
  An orc warrior (D:7)
  Duvessa (D:5)
  A water moccasin (D:5)
  2 phantoms
  2 sky beasts (D:6)
  4 ogres
  A wasp (D:5)
  4 centaurs
  2 big kobolds
  3 giant frogs (D:6)
  A crocodile (D:8)
  A gnoll sergeant (D:7)
  Dowan (D:5)
  A scorpion (D:8)
  A wyvern zombie (D:8)
  3 killer bees (D:7)
  8 wights
  4 crimson imps
  A jelly (D:5)
  2 orc priests
  6 orc wizards
  Crazy Yiuf (D:6)
  A centaur skeleton (D:4)
  2 hounds (D:7)
  3 worker ants
  6 iguanas
  A hound skeleton (D:4)
  11 adders
  11 gnolls
  5 river rats (D:8)
  2 shadow imps (D:5)
  An adder skeleton (D:4)
  2 worms
  2 giant geckos (D:2)
  23 orcs
  4 ball pythons
  9 giant cockroaches
  5 hobgoblins
  15 jackals
  23 bats
  A giant gecko skeleton (D:5)
  3 giant newts
  9 goblins
  18 kobolds
  15 rats
  A fungus (D:8)
236 creatures vanquished.

Vanquished Creatures (others)
  2 fungi (D:8)
2 creatures vanquished.

Grand Total: 238 creatures vanquished

Notes
Turn   | Place    | Note
--------------------------------------------------------------
     0 | D:1      | mrath the Deep Elf Fire Elementalist began the quest for the Orb.
     0 | D:1      | Reached XP level 1. HP: 10/10 MP: 6/6
   376 | D:1      | Reached XP level 2. HP: 12/15 MP: 4/8
  1318 | D:2      | Reached XP level 3. HP: 19/19 MP: 6/10
  1409 | D:2      | Learned a level 2 spell: Throw Flame
  1436 | D:2      | Found a faded altar to an unknown god.
  1541 | D:2      | Found a blossoming altar of Fedhas.
  1541 | D:2      | Found a basalt altar of Yredelemnul.
  1541 | D:2      | Found a shimmering altar of Xom.
  1541 | D:2      | Found a snail-covered altar of Cheibriados.
  1547 | D:2      | Found an ancient bone altar of Kikubaaqudgha.
  1547 | D:2      | Found a glowing silver altar of Zin.
  1648 | D:2      | Reached skill level 4 in Spellcasting
  2256 | D:2      | Learned a level 3 spell: Conjure Flame
  2266 | D:2      | Reached XP level 4. HP: 15/24 MP: 4/12
  2804 | D:3      | Noticed bollicks1999's ghost (amateur MiFi)
  2947 | D:3      | Reached skill level 5 in Spellcasting
  2947 | D:3      | Reached XP level 5. HP: 23/28 MP: 7/14
  3532 | D:3      | Reached XP level 6. HP: 29/32 MP: 2/16
  3891 | D:4      | Reached skill level 5 in Fire Magic
  3959 | D:4      | Learned a level 4 spell: Sticky Flame
  4059 | D:4      | Found a staircase to the Ecumenical Temple.
  4070 | D:4      | Reached skill level 6 in Spellcasting
  4098 | Temple   | Entered the Ecumenical Temple
  4544 | D:4      | Reached XP level 7. HP: 12/36 MP: 9/18
  4995 | D:4      | Learned a level 5 spell: Fireball
  4997 | D:5      | Entered Level 5 of the Dungeon
  5120 | D:5      | Noticed Dowan
  5241 | D:5      | Reached skill level 5 in Conjurations
  5512 | D:5      | Noticed Duvessa
  5522 | D:5      | Killed Duvessa
  5522 | D:5      | Reached skill level 7 in Spellcasting
  5626 | D:5      | Killed Dowan
  5723 | D:5      | Noticed Edmund
  5734 | D:5      | Killed Edmund
  5817 | D:5      | Reached XP level 8. HP: 34/41 MP: 15/21
  6304 | D:5      | Reached skill level 8 in Spellcasting
  7263 | D:5      | Reached skill level 1 in Evocations
  7557 | D:6      | Reached skill level 9 in Spellcasting
  7630 | D:6      | Reached skill level 1 in Fighting
  7630 | D:6      | Reached skill level 1 in Bows
  7630 | D:6      | Reached skill level 1 in Armour
  7630 | D:6      | Reached XP level 9. HP: 45/47 MP: 18/24
  8447 | D:6      | Noticed Crazy Yiuf
  8454 | D:6      | Killed Crazy Yiuf
  8708 | D:7      | Noticed Menkaure
  9024 | D:7      | Killed Menkaure
  9664 | D:7      | Found a radiant altar of Vehumet.
  9675 | D:7      | Became a worshipper of Vehumet
  9782 | D:7      | Found a white marble altar of Elyvilon.
 10349 | D:8      | Reached XP level 10. HP: 44/54 MP: 14/25
 10355 | D:8      | Reached * piety under Vehumet
 10355 | D:8      | Offered knowledge of Sandblast by Vehumet.
 10493 | D:8      | Noticed Erolcha
 10495 | D:8      | Noticed Psyche
 10500 | D:8      | Killed Erolcha
 10500 | D:8      | Reached skill level 5 in Dodging
 10500 | D:8      | Reached skill level 10 in Spellcasting
 10506 | D:8      | Killed Psyche
 11061 | D:8      | Offered knowledge of Shock by Vehumet.
 11083 | D:8      | Reached ** piety under Vehumet
 11181 | D:8      | Got a brightly glowing mace
 11209 | D:8      | Found a staircase to the Lair.
 11231 | Lair:1   | Entered Level 1 of the Lair of Beasts
 11271 | D:8      | Slain by a blink frog

Action                   |  1- 3 |  4- 6 |  7- 9 | 10-12 || total
-------------------------+-------+-------+-------+-------++-------
Melee: Mace              |    18 |     7 |       |       ||    25
       Hand axe          |       |       |    45 |       ||    45
       Flail             |       |       |    51 |    10 ||    61
 Fire: Hunting sling     |       |       |    15 |       ||    15
       Shortbow          |       |       |    20 |     2 ||    22
Throw: Stone             |     8 |       |       |       ||     8
       Tomahawk          |       |       |     7 |       ||     7
 Cast: Flame Tongue      |    83 |    75 |   231 |    85 ||   474
       Throw Flame       |     3 |    36 |    71 |    14 ||   124
       Fireball          |       |       |     1 |       ||     1
       Conjure Flame     |       |       |       |     3 ||     3
  Use: Scroll            |       |     5 |     1 |       ||     6
 Stab: Sleeping          |     2 |       |       |     1 ||     3
  Eat: Chunk             |     4 |     7 |    11 |     3 ||    25
       Beef jerky        |       |       |     2 |       ||     2
       Royal jelly       |       |       |     1 |       ||     1
       Pizza             |       |       |     1 |       ||     1
